 Dungeon Crawl Stone Soup version 0.28.0-43-g3370ac3207 (webtiles) character file.

Game seed: 16338185432462846433

5 ANNNA the Stinger (level 1, -2/10 HPs)
             Began as a Deep Elf Venom Mage on Mar 6, 2022.
             Slain by a gnoll
             ... wielding a +1 whip of pain
              (9 damage)
             ... on level 1 of the Dungeon.
             The game lasted 00:00:19 (58 turns).

ANNNA the Stinger (Deep Elf Venom Mage)               Turns: 58, Time: 00:00:20

Health: -2/10      AC:  2    Str:  5    XL:     1   Next: 66%
Magic:  2/6        EV: 12    Int: 19    God:
Gold:   0          SH:  0    Dex: 15    Spells: 5/6 levels left

rFire   . . .      SeeInvis .   b - +0 dagger
rCold   . . .      Faith    .   (no shield)
rNeg    . . .      Spirit   .   a - +0 robe
rPois   .          Reflect  .   (no helmet)
rElec   .          Harm     .   (no cloak)
rCorr   .          Rampage  .   (no gloves)
Will    .....                   (no boots)
Stlth   ++........              (no amulet)
HPRegen 0.03/turn               (no ring)
MPRegen 0.10/turn               (no ring)

@: no status effects
A: no striking features
a: no special abilities


You were on level 1 of the Dungeon.
You visited 1 branch of the dungeon, and saw 1 of its levels.

Inventory:

Hand Weapons
 b - a +0 dagger (weapon)
Armour
 a - a +0 robe (worn)


   Skills:
 + Level 2.6 Dodging
 + Level 2.4 Stealth
 + Level 3.0 Spellcasting
 + Level 1.1 Transmutations
 + Level 3.5 Poison Magic


You had 5 spell levels left.
You knew the following spells:

 Your Spells              Type           Power      Damage    Failure   Level
a - Sting                 Tmut/Pois      44%        1d5       6%          1

Your spell library contained the following spells:

 Spells                   Type           Power      Damage    Failure   Level
 Poisonous Vapours        Pois/Air       18%        N/A       11%         2
 Mephitic Cloud           Conj/Pois/Air  7%         N/A       28%         3
 Olgreb's Toxic Radiance  Pois           16%        N/A       34%         4


Dungeon Overview and Level Annotations

Branches:
Dungeon (1/15)

Altars:


Message History

Sorry, you're not good enough to have a special ability.
Casting: Sting (safe; 6% risk of failure)
Confirm with . or Enter, or press ? or * to list all spells.
You don't know that spell.
Casting: Sting (safe; 6% risk of failure)
Confirm with . or Enter, or press ? or * to list all spells.
Aiming: Sting (safe; 6% risk of failure)
Press: ? - help, Shift-Dir - straight line, f/p - kobold
Aim: a kobold, wielding a +0 dagger (severely wounded, poisoned, 64% to hit)
The sting hits the kobold.
The kobold looks even sicker.
You kill the kobold!
You see here a +0 dagger.
b - a +0 dagger A gnoll comes into view.
It is wielding a +1 whip of pain.
b - a +0 dagger (weapon)
You see here a dart slug corpse.
Casting: Sting (safe; 6% risk of failure)
Confirm with . or Enter, or press ? or * to list all spells.
You can't see any susceptible monsters within range! (Use Z to cast anyway.)
You start resting.
A gnoll is nearby!
You see here a dart slug corpse.
The gnoll shouts!
Casting: Sting (safe; 6% risk of failure)
Confirm with . or Enter, or press ? or * to list all spells.
Aiming: Sting (safe; 6% risk of failure)
Press: ? - help, Shift-Dir - straight line, f - gnoll
Aim: a gnoll, wielding a +1 whip of pain (75% to hit)
The sting hits the gnoll but does no damage.
The gnoll is poisoned.
You see here a dart slug corpse.
Casting: Sting (safe; 6% risk of failure)
Confirm with . or Enter, or press ? or * to list all spells.
Aiming: Sting (safe; 6% risk of failure)
Press: ? - help, Shift-Dir - straight line, f/p - gnoll
Aim: a gnoll, wielding a +1 whip of pain (moderately wounded, poisoned, 75% to hit)
The sting misses the gnoll.
The gnoll looks more healthy.
The gnoll hits you with a +1 whip of pain!
Ouch! That really hurt!
You die...

# . ###. ...
##.### #....#
#....#
########....#
#....@g†....#
#..#####.........
###''###
####......
###≈≈§.≈≈###
......
##≈§≈≈..≈≈≈≈##
......
#≈≈≈#§..≈#≈≈≈#
......
##≈§≈≈≈..≈≈≈≈≈#
.....
#≈≈≈≈§≈..≈≈≈§≈§
####
#§≈≈§≈#..#≈§§≈≈


You could see a gnoll.

Vanquished Creatures
  A dart slug (D:1)
  A hobgoblin (D:1)
  A bat (D:1)
  A kobold (D:1)
4 creatures vanquished.

Notes
Turn   | Place    | Note
-------+----------+-------------------------------------------
     0 | D:1      | ANNNA the Deep Elf Venom Mage began the quest for the Orb.
     0 | D:1      | Reached XP level 1. HP: 10/10 MP: 6/6
    58 | D:1      | Slain by a gnoll

Illustrated notes

Levels and vault maps discovered:
D:1:      lightli_molten_gateway, layout_basic, nicolae_ecumenical_lake_church,
          nicolae_concentric_dashed_squares_mild

Action                   || total
-------------------------++-------
Melee: Unarmed           ||     2
 Cast: Sting             ||     8
Armor: Robe              ||     1
Dodge: Dodged            ||     1
